[Event "*** Titled Tuesday Blitz"]
[Site "Chess.com"]
[Date "2021.02.02"]
[Round "2"]
[White "m_ezat"]
[Black "Sam_ChessMood"]
[Result "0-1"]
[WhiteElo "2535"]
[BlackElo "2842"]
[TimeControl "180+1"]
[EndTime "10:21:10 PST"]
[Termination "Sam_ChessMood won by checkmate"]

1. d4 Nf6 2. c4 e6 3. Nc3 Bb4 4.
e3 O-O 5. a3 Bxc3+ 6. bxc3 b6 7. Bd3 Ba6 8. Ne2 Nc6 9. O-O Na5 10. e4 Ne8 11. Ng3 Bxc4 12. Bxc4 Nxc4 13. f4 f5 14. Qe2 d5 15. exf5 exf5 16. Qe6+ Kh8 17. Re1 Qd6 18.
Qe2 Qd7 19. a4 Ned6 20. Ba3 Rae8 21. Qf2 Rxe1+ 22. Qxe1 Re8 23. Qf2 Ne4 24. Nxe4 fxe4 25. Bc1 e3 26. Qe2 Qf5 27. g3 a5 28. Ba3 h6 29. Bc1 Qe4 30. h3 Re6 31. Kh2 Kh7 32. h4 Rf6 33. Kg1 Rg6 34. Kh2 Qf5 35. Ra2 Re6 36. Ra1 h5 37. Kg2 Qg4 38. Qxg4 hxg4 39.
Kf1 Kg6 40. Ke2 Kf5 41. Ra2 c6 42. Ra1 Re8 43. Ra2 Ke4 44. Ra1 Rf8 45. Rb1 g5 46. Bxe3 Nxe3 47. Rxb6 gxf4 48. gxf4 Ng2 49. Rxc6 Nxf4+ 50. Kf2 Nh5+ 51. Kg2 Rf3 52. Rh6 Nf4+ 53. Kg1 g3 54.
Rg6 Nxg6 55. h5 Nf4 56. h6 Rf2 57. h7 Nh3+ 58. Kh1 Rh2# 0-1

[Event "*** Titled Tuesday Blitz"]
[Site "Chess.com"]
[Date "2021.02.02"]
[Round "2"]
[White "korkmaz16"]
[Black "Vnebo"]
[Result "1/2-1/2"]
[WhiteElo "2410"]
[BlackElo "2728"]
[TimeControl "180+1"]
[EndTime "10:21:11 PST"]
[Termination "Game drawn by repetition"]

1. e4 d5 2. exd5 Qxd5 3. Nc3 Qd6 4. d4 Nf6 5. Nf3 c6 6. Ne5 Nbd7 7. Nc4 Qc7 8. Qf3 Nb6 9. Bf4 Qd7 10. Be5 Qg4 11.
Qxg4 Bxg4 12. f3 Nxc4 13. Bxc4 Bf5 14. O-O-O e6 15. Rhe1 O-O-O 16. Ne4 Nxe4 17. fxe4 Bg4 18. Be2 Bxe2 19. Rxe2 f6 20. Bg3 Be7 21. d5 cxd5 22.
exd5 e5 23. c4 b6 24. a3 Kb7 25. Kb1 Rd7 26. b4 Rc8 27. Rc2 a5 28. Be1 axb4 29. Bxb4 Bc5 30. Ka2 Bd4 31. Kb3 f5 32. Bc3 Bxc3 33.
Rxc3 e4 34. c5 bxc5 35. Kc4 Kc7 36. Rb1 Kd6 37. Rb6+ Ke7 38. Re6+ Kf7 39. Re5 g6 40. g4 Ra7 41. gxf5 Kf6 42. Rxe4 Ra4+ 43. Kd3 Rxe4 44. Kxe4 gxf5+ 45. Kd3 Ke5 46. Kc4 Kd6 47. Re3 Rf8 48.
Re6+ Kd7 49. Kxc5 f4 50. Re2 f3 51. Rf2 Rf4 52. d6 Rf5+ 53. Kd4 Kxd6 54. Ke4 Rh5 55. Kxf3 Rh3+ 56. Kg4 Rxa3 57. Rf7 Ke6 58. Rxh7 Kf6 59. h4 Ra4+ 60. Kh5 Ra5+ 61. Kh6 Ra4 62. h5 Ra8 63. Rg7 Rh8+ 64. Rh7 Rg8 65. Rb7 Rh8+ 66. Rh7 Rg8 67. Rb7 Rh8+ 68. Rh7 1/2-1/2

[Event "*** Titled Tuesday Blitz"]
[Site "Chess.com"]
[Date "2021.02.02"]
[Round "2"]
[White "Arvids_Andrejevs"]
[Black "bylavochka"]
[Result "1-0"]
[WhiteElo "2390"]
[BlackElo "2083"]
[TimeControl "180+1"]
[EndTime "10:21:11 PST"]
[Termination "Arvids_Andrejevs won on time"]

1. e4 c5 2. c3 Nf6 3. e5 Nd5 4. d4 cxd4 5. cxd4 Nc6 6. a3 d6 7. exd6 Qxd6 8. Nf3 Bg4 9. Be2 e6 10. h3 Bh5 11. O-O Be7 12. Nc3 O-O 13. Be3 a6 14. Qb3 b5 15. Rac1 Na5 16. Qa2 Nf4 17. Bxf4 Qxf4 18.
d5 Nc4 19. Bxc4 Bxf3 20. Be2 Bxe2 21. Nxe2 Qe5 22. Rfe1 Bd6 23. Ng3 Qxd5 24. Qxd5 exd5 25. Nf5 Rfd8 26. Rc6 Bf8 27. Rd1 Ra7 28. b4 d4 29.
Rxd4 Rxd4 30. Nxd4 a5 31. Nxb5 Rb7 32. Nd6 Rd7 33.
Nc4 Rd1+ 34. Kh2 axb4 35. axb4 Bxb4 36. Rc8+ Bf8 37. Ne5 g6 38. h4 Kg7 39. Rc7 Bd6 40. Rxf7+ Kg8 41. Rf3 Bxe5+ 42. g3 Rd6 43. Kg2 Rd7 44.
Rb3 Bg7 45. Rb6 Bf8 46. Rb8 Kg7 47. Rb5 Be7 48. g4 h6 49. Kg3 g5 50. h5 Rd3+ 51. f3 Bd6+ 52. Kf2 Be7 53. Rb7 Rd6 54. Rxe7+ Kg8 55. Re2 Kg7 56. Rb2 Kg8 57. Ke3 Kg7 58. Ke4 Rf6 59. Rb5 Rf4+ 60. Ke3 Rf7 61. Rb6 Rf4 62. Rg6+ Kh7 63. Kf2 Ra4 64. Kg3 Ra3 65. Rb6 Kg7 66. Rb7+ Kg8 67. Kf2 1-0

[Event "*** Titled Tuesday Blitz"]
[Site "Chess.com"]
[Date "2021.02.02"]
[Round "2"]
[White "Coiote53"]
[Black "hermionegrangermagic"]
[Result "0-1"]
[WhiteElo "2351"]
[BlackElo "2643"]
[TimeControl "180+1"]
[EndTime "10:21:14 PST"]
[Termination "hermionegrangermagic won by resignation"]

1. e4 c5 2. Nf3 Nc6 3. d4 cxd4 4. Nxd4 g6 5. c4 Bg7 6. Be3 Nf6 7. Nc3 O-O 8. Be2 d6 9. O-O Bd7 10. h3 Nxd4 11. Bxd4 Bc6 12. Qc2 Nd7 13. Bxg7 Kxg7 14. b4 b6 15. Rad1 Rc8 16. a4 Bb7 17. Nd5 e6 18. Ne3 Qe7 19. f4 Nf6 20. Bf3 d5 21. exd5 exd5 22. Nxd5 Bxd5 23. Bxd5 Qxb4 24. f5 g5 25. Kh1 Rfe8 26. Rd3 Re1 27. Rxe1 Qxe1+ 28. Kh2 Qe5+ 29. Kg1 Qxf5 30. Qd2 h6 31. Rd4 Qe5 32. Rd3 Re8 33. Ra3 Nh5 34. a5 Nf4 35. axb6 axb6 36. Ra7 Re7 37. Rxe7 Qxe7 38. Qd4+ Qf6 39. Qe4 Qd6 40.
Qe8 Nxd5 41. cxd5 Qxd5 42. Qb8 Qd4+ 43. Kh1 Qc5 44. Qa7 Qc6 45. Qa1+ Qf6 46. Qb1 h5 47.
Qb5 h4 48. Kh2 Qd6+ 49. Kh1 Qd1+ 50. Kh2 Qd6+ 51. Kh1 Qg6 52. Qe5+ Kh7 53. Qe8 Qe6 54. Qd8 Qh6 55. Qd3+ Qg6 56. Qd5 Kg7 57. Qe5+ Kg8 58. Qe8+ Kh7 59. Qe5 g4 60. hxg4 Qxg4 61. Qf6 Qg6 62.
Qf3 f5 63. Qb7+ Kh6 64. Qb8 Qf6 65. Kh2 Kg6 66. Qf4 Qg5 67. Qb8 Qg3+ 68. Qxg3+ hxg3+ 69. Kxg3 b5 70. Kf4 0-1

[Event "*** Titled Tuesday Blitz"]
[Site "Chess.com"]
[Date "2021.02.02"]
[Round "2"]
[White "Skatchkov_V"]
[Black "Godzillator"]
[Result "1/2-1/2"]
[WhiteElo "2526"]
[BlackElo "2318"]
[TimeControl "180+1"]
[EndTime "10:21:14 PST"]
[Termination "Game drawn by stalemate"]

1. d4 d5 2. c4 c6 3. Nf3 Nf6 4. Nc3 a6 5. Qc2 dxc4 6. e4 b5 7. b3 cxb3 8. axb3 Bb7 9. Bb2 e6 10. Bd3 Be7 11. O-O h6 12. Qe2 O-O 13. Bc1 Re8 14.
e5 Nfd7 15. Qe4 Nf8 16. Qg4 Kh8 17. Ne4 Nbd7 18. Qh5 f5 19. exf6 Nxf6 20. Nxf6 Bxf6 21. Bg5 c5 22. Bxf6 Qxf6 23. Ne5 cxd4 24. Rac1 Rac8 25. Nf7+ Kg8 26. Nd6 Rxc1 27. Rxc1 Re7 28. Nxb7 Rxb7 29. Rc8 Rf7 30. f3 Qg5 31. Qxg5 hxg5 32. Ra8 Rc7 33.
Rxa6 Rc3 34. Bxb5 Rxb3 35. Bc4 Rb1+ 36. Kf2 Rb2+ 37. Kf1 Kf7 38. Rd6 Rd2 39. g3 Kf6 40.
Ke1 Rxh2 41. Rxd4 Rh3 42. Kf2 Rh2+ 43. Kg1 Rb2 44. Kf1 Rb6 45. Be2 Ng6 46. Kf2 Ne5 47.
Rd2 Ke7 48. Ra2 Rd6 49. Ra7+ Kf6 50. Ra2 Nc6 51. Ra4 Nd4 52. Ke3 e5 53. Ra7 Rc6 54.
Bd3 g6 55. Be4 Rc3+ 56. Kf2 Nf5 57. Ra6+ Kf7 58. g4 Nd4 59. Rxg6 Rxf3+ 60. Kg2 Re3 61. Bf5 Nxf5 62. gxf5 Re4 63. Rxg5 Kf6 64. Rg8 Kxf5 65. Kf3 Ra4 66. Ke2 Ke4 67. Rb8 Ra2+ 68.
Ke1 Kf3 69. Rb3+ Kf4 70. Rh3 e4 71. Rb3 Rh2 72. Ra3 e3 73. Ra8 Rh5 74. Rf8+ Rf5 75.
Rxf5+ Kxf5 76. Ke2 Ke4 77. Ke1 Kd3 78. Kd1 e2+ 79. Ke1 Ke3 1/2-1/2

[Event "*** Titled Tuesday Blitz"]
[Site "Chess.com"]
[Date "2021.02.02"]
[Round "2"]
[White "MrrRefrao"]
[Black "WonderChampion"]
[Result "1-0"]
[WhiteElo "2389"]
[BlackElo "2065"]
[TimeControl "180+1"]
[EndTime "10:21:17 PST"]
[Termination "MrrRefrao won by resignation"]

1. e4 c5 2. Nf3 g6 3. d4 cxd4 4. Nxd4 Nc6 5. c4 Nf6 6. Nc3 Nxd4 7. Qxd4 d6 8. Be3 Bg7 9. f3 O-O 10. Qd2 a5 11. Bd3 a4 12. Rc1 Qa5 13. Nb5 Qxd2+ 14. Kxd2 Bd7 15. g4 Rfc8 16. h4 Ne8 17. Nd4 a3 18. b3 Nc7 19. h5 Ne6 20. Nxe6 Bxe6 21. h6 Bh8 22. Rhg1 Bb2 23. Rc2 Bf6 24. f4 Rc7 25. g5 Bh8 26. Rf1 Bd7 27. Bb6 Rc6 28. Be3 Rac8 29. f5 R6c7 30. f6 e5 31. Bb6 Rc6 32. Ba5 Ra8 33. Bb4 Rb6 34. Bc3 Rc6 35. Rfc1 Rc7 36. Ke3 Rb8 37. Bb4 Rc6 38. Bxa3 Ra8 39.
Bb4 Rb6 40. Bd2 Be6 41. Be1 Rba6 42. a4 Rb6 43. Rb2 Rxa4 44. Rcb1 Ra3 45. Kd2 Rc6 46.
Bf2 Rc8 47. Bc2 Rca8 48. Rc1 Rb8 49. Rbb1 b5 50. cxb5 Rxb5 51. Ra1 Rxa1 52. Rxa1 Rb8 53. Ra6 Rd8 54. Bb6 Rc8 55. b4 Bc4 56. Ra7 d5 57.
exd5 Bxd5 58. Ba4 Be6 59. Bd7 Bxd7 60. Rxd7 Rb8 61. Rd8+ Rxd8+ 62. Bxd8 Kf8 63. Be7+ Ke8 64. Bd6 e4 65. Ke3 Kd7 66. Be7 Ke6 67. Kxe4 Kd7 68. Bf8 Kc7 69. Bg7 Bxg7 70. hxg7 h5 71. g8=Q h4 72.
Qxf7+ Kd6 73. Qxg6 h3 74. Qh5 1-0

[Event "*** Titled Tuesday Blitz"]
[Site "Chess.com"]
[Date "2021.02.02"]
[Round "2"]
[White "DamianoLew95"]
[Black "ChessWarrior7197"]
[Result "0-1"]
[WhiteElo "2574"]
[BlackElo "2907"]
[TimeControl "180+1"]
[EndTime "10:21:20 PST"]
[Termination "ChessWarrior7197 won by checkmate"]

1. d4 Nf6 2. Bf4 d5 3. e3 c5 4. dxc5 g6 5. c3 Bg7 6. Nd2 O-O 7. b4 a5 8. a3 Nh5 9. Rc1 Nxf4 10. exf4 b6 11.
cxb6 Qxb6 12. Ngf3 Bf5 13. Be2 axb4 14. axb4 Nd7 15.
Qb3 Be6 16. O-O Rfc8 17. Ng5 Rab8 18. Nxe6 Qxe6 19. Rfe1 Qd6 20. g3 e6 21. Rc2 h5 22. h4 Kh7 23. Rec1 Nf6 24. Nf3 Kg8 25. b5 Ne4 26. c4 Qb6 27. c5 Rxc5 28. Rxc5 Nxc5 29.
Qe3 Rc8 30. Ng5 d4 31. Qa3 Bf8 32. Nf3 d3 33. Bxd3 Nxd3 34. Rxc8 Qxf2+ 35. Kh1 Qxf3+ 36. Kh2 Qf2+ 37. Kh3 Qf1+ 38. Kh2 Qe2+ 39. Kg1 Qe3+ 40. Kh2 Qd2+ 41. Kg1 Qf2+ 42. Kh1 Nc5 43. b6 Qf1+ 44. Kh2 Qe2+ 45. Kh1 Qf1+ 46. Kh2 Qf2+ 47. Kh1 Kg7 48. b7 Qf1+ 49. Kh2 Qe2+ 50. Kh1 Qe4+ 51.
Kh2 Qxb7 52. Rxf8 Kxf8 53. Qxc5+ Kg8 54. Qe5 Qd5 55. Qf6 Qd2+ 56. Kg1 Qd5 57. Qe7 Qf3 58.
Kh2 Qf2+ 59. Kh3 Kg7 60. Qb7 Qe1 61. Kh2 Qe2+ 62. Kh3 Qd1 63. Kh2 Qd2+ 64. Kh3 Qd5 65. Qb2+ f6 66. Qb8 Qh1# 0-1

[Event "*** Titled Tuesday Blitz"]
[Site "Chess.com"]
[Date "2021.02.02"]
[Round "2"]
[White "KubaGepard"]
[Black "sokidze"]
[Result "1-0"]
[WhiteElo "2320"]
[BlackElo "2502"]
[TimeControl "180+1"]
[EndTime "10:21:20 PST"]
[Termination "KubaGepard won by resignation"]

1. e4 c5 2. Nf3 Nc6 3. d4 cxd4 4. Nxd4 g6 5. Nc3 Bg7 6. Be3 Nf6 7. Nxc6 bxc6 8. e5 Ng8 9. Bd4 Qa5 10. Bc4 Bxe5 11. O-O Nh6 12. b4 Qc7 13. f4 Bxd4+ 14. Qxd4 O-O 15. f5 Nxf5 16. Rxf5 gxf5 17. Re1 d5 18.
Bxd5 Qd6 19. Re3 f4 20. Re5 Qg6 21. Qxf4 cxd5 22. Rg5 Be6 23. h4 Rac8 24. h5 Rc4 25.
Qe5 Qxg5 26. Qxg5+ Kh8 27. h6 Rg4 28. Qe5+ Kg8 29.
Nxd5 Bxd5 30. Qxd5 Rg6 31. c4 Rxh6 32. c5 Kg7 33. b5 Rc8 34. a4 Rg6 35. a5 Kf8 36. b6 axb6 37. axb6 Rgc6 38. Qxc6 Rxc6 39. b7 Rxc5 40.
b8=Q+ Kg7 41. Qg3+ Kf8 42. Qe3 Rf5 43. Qd4 Rf6 44. g4 Rg6 45. Kf2 Kg8 46. Kf3 e6 47.
Qd8+ Kg7 48. Kf4 Rf6+ 49. Ke5 Rg6 50. g5 h6 51. gxh6+ Rxh6 52. Qg5+ Rg6 53. Qh5 Rh6 54. Qg4+ Rg6 55. Qd4 Kg8 56. Kd6 Kf8 57. Qh8+ Rg8 58. Qh6+ Rg7 59. Kd7 Kg8 60. Qf6 Rg6 61. Qd8+ Kg7 62.
Ke7 e5 63. Qf8+ Kh7 64. Kxf7 Rg1 65. Qc5 Rf1+ 66. Ke6 Rf4 67. Qc2+ e4 68. Qh2+ Kg6 69. Qxf4 1-0

[Event "*** Titled Tuesday Blitz"]
[Site "Chess.com"]
[Date "2021.02.02"]
[Round "2"]
[White "Tsyhanchuk_Stanislav"]
[Black "mbojan"]
[Result "0-1"]
[WhiteElo "2427"]
[BlackElo "2669"]
[TimeControl "180+1"]
[EndTime "10:21:21 PST"]
[Termination "mbojan won by checkmate"]

1. e4 g6 2. d4 Bg7 3. Nc3 d6 4.
Be3 a6 5. a4 b6 6. Qd2 e6 7. f3 h6 8. h4 Ne7 9. Bc4 Nd7 10.
Nge2 Bb7 11. Bb3 d5 12. Nf4 dxe4 13. fxe4 Nf6 14. Bxe6 Nxe4 15. Nxe4 Bxe4 16. O-O-O O-O 17. Bb3 Qd6 18. Rhe1 Rae8 19. g4 Bf3 20. Ne2 Bxg4 21. Bf4 Qd7 22. Ng3 Bxd1 23. Rxd1 Nf5 24. h5 g5 25. Nxf5 Qxf5 26. Bxc7 b5 27. a5 Rc8 28.
Bb6 Qf6 29. c3 Rc6 30. d5 Rxb6 31. axb6 Qxb6 32. d6 b4 33. c4 Qa5 34. Kb1 Qe5 35. c5 Qxc5 36. d7 Rd8 37. Rf1 Qd4 38. Bxf7+ Kh8 39.
Qxd4 Bxd4 40. Be8 Kg8 41. Rd1 Be5 42. Rd5 Bc7 43. Rc5 Bd6 44. Rc6 Bf8 45. Rg6+ Kh7 46. Rf6 Bg7 47. Rxa6 Be5 48. Re6 Bf4 49. Re7+ Kg8 50.
Re4 Kg7 51. Rxb4 Kf6 52. Rc4 Bd6 53. Rc8 Ke7 54. Rc6 g4 55. Rc4 g3 56. Rg4 Be5 57. b4 Rb8 58. Kc2 Bd6 59. Kb3 Kd8 60. Rg8 Rxb4+ 61. Kc3 Rb8 62. Rg7 Be5+ 63. Kd3 Bxg7 64. Ke3 Bf8 65. Kf3 Bd6 66. Kg2 Rb5 67. Kh3 Rg5 68.
Kg2 Bc7 69. Bg6 Kxd7 70. Be4 Ke7 71. Bf3 Bd6 72. Be2 Kf6 73. Bf3 Kf5 74. Be2 Kf4 75. Bf3 Re5 76. Be2 Rxe2+ 77. Kh3 Rh2# 0-1

[Event "*** Titled Tuesday Blitz"]
[Site "Chess.com"]
[Date "2021.02.02"]
[Round "2"]
[White "Kale36"]
[Black "ShapkinAnatoliy"]
[Result "0-1"]
[WhiteElo "2293"]
[BlackElo "2630"]
[TimeControl "180+1"]
[EndTime "10:21:23 PST"]
[Termination "ShapkinAnatoliy won by checkmate"]

1. b3 e5 2. Bb2 Nc6 3. e3 Nf6 4. Bb5 Bd6 5. Na3 a6 6. Be2 Bc5 7. c4 O-O 8. Nc2 d5 9. cxd5 Nxd5 10. d3 Re8 11. Nf3 Bg4 12. O-O Qd7 13. a3 Rad8 14. b4 Ba7 15. h3 Bh5 16. d4 e4 17.
Ne5 Bxe2 18. Qxe2 Nxe5 19. dxe5 Nb6 20. Rfd1 Qa4 21. Bd4 Bb8 22. Ne1 Qb5 23. Qxb5 axb5 24. Bxb6 cxb6 25. Nc2 Bxe5 26. Nd4 Bxd4 27. exd4 Rd7 28.
Ra2 f5 29. d5 Rc8 30. d6 Kf7 31. Rd5 Ke6 32. Rad2 Rc6 33. Rxb5 Rdxd6 34. Rxd6+ Rxd6 35. a4 g6 36. a5 bxa5 37. bxa5 Rd7 38. h4 Kd6 39. a6 bxa6 40. Rb6+ Ke5 41. Rxa6 Kf4 42. Kh2 Kg4 43. g3 Rd2 44. Kg1 e3 45. Ra4+ Kh3 46.
fxe3 Kxg3 47. Kf1 Kf3 48. Ke1 Re2+ 49. Kd1 Rxe3 50. h5 Re4 51. Ra7 gxh5 52. Rxh7 h4 53. Kd2 Re6 54. Rh5 f4 55. Kd1 Kf2 56. Rxh4 f3 57.
Kd2 Rd6+ 58. Kc1 Kf1 59. Rh8 f2 60. Re8 Rg6 61. Rf8 Kg2 62. Kd2 f1=Q 63. Rxf1 Kxf1 64.
Ke3 Rg2 65. Ke4 Rf2 66. Ke5 Ke2 67. Ke4 Rf3 68. Kd4 Re3 69. Kc5 Kd3 70. Kd5 Re4 71. Kd6 Kd4 72. Kd7 Kd5 73. Kc7 Re6 74.
Kd7 Re5 75. Kd8 Kc6 76. Kc8 Re8# 0-1

[Event "*** Titled Tuesday Blitz"]
[Site "Chess.com"]
[Date "2021.02.02"]
[Round "2"]
[White "exoticprincess"]
[Black "Pikachess999"]
[Result "1/2-1/2"]
[WhiteElo "2850"]
[BlackElo "2362"]
[TimeControl "180+1"]
[EndTime "10:21:23 PST"]
[Termination "Game drawn by repetition"]

1. e4 e6 2. d4 d5 3. Nc3 Nf6 4.
Bg5 Be7 5. e5 Nfd7 6. h4 h6 7.
Bxe7 Qxe7 8. Qg4 O-O 9. O-O-O c5 10. Nf3 Nc6 11. dxc5 Ndxe5 12. Nxe5 Nxe5 13. Qg3 Nd7 14. Qd6 Re8 15. Bb5 a6 16. Bxd7 Bxd7 17. Qxe7 Rxe7 18. b4 Rc8 19. Kb2 Bc6 20. Rhe1 Rec7 21. Re3 Bd7 22. f4 f6 23. g3 Kf7 24. f5 Rd8 25. a4 Bc8 26. a5 d4 27. fxe6+ Bxe6 28. Kc1 Rcd7 29. Rxe6 Kxe6 30. Ne2 Kf5 31. Nf4 g5 32.
Nd3 Kg4 33. Rf1 Kxg3 34. Rxf6 gxh4 35. Rg6+ Kh3 36. Nf4+ Kh2 37. Rxh6 Rf8 38. Ne6 Rf1+ 39. Kd2 Kg3 40. Rg6+ Kh2 41. Ng5 Rf2+ 42. Kd3 Rg2 43.
Nf3+ Kh1 44. Rxg2 Kxg2 45. Nxh4+ Kg3 46. Nf5+ Kf4 47. Nxd4 Ke5 48. c3 Rd8 49. Kc4 Rd7 50.
c6 bxc6 51. Nxc6+ Kd6 52. Nd4 Rc7+ 53. Kd3 Rh7 54. Nb3 Kd5 55. c4+ Kc6 56. Nd4+ Kd6 57. Nf5+ Kc6 58. Kd4 Rd7+ 59. Kc3 Rf7 60. Nd4+ Kd6 61.
Kd3 Rh7 62. Nf5+ Kc6 63. Ke4 Rh1 64. Nd4+ Kd6 65. c5+ Kc7 66. Kd5 Rb1 67. Kc4 Rc1+ 68. Kb3 Rb1+ 69. Kc3 Rc1+ 70. Kd3 Rh1 71. Kc4 Rc1+ 72.
Kd5 Rb1 73. Ne6+ Kc8 74. Kc4 Kd7 75. Nd4 Rc1+ 76. Kd3 Rb1 77. Nc2 Rb3+ 78. Kc4 Rh3 79. b5 axb5+ 80. Kxb5 Kc7 81. Nb4 Rb3 82. a6 Ra3 83.
Nd5+ Kc8 84. Kb6 Rb3+ 85. Kc6 Ra3 86. Kb5 Rb3+ 87. Ka5 Ra3+ 88. Kb6 Rb3+ 89. Kc6 Ra3 90. Nb4 Ra4 91. Kb5 Ra3 92. c6 Kc7 93. Nd5+ Kd6 94.
c7 Kd7 95. Kb6 Rb3+ 96. Kc5 Ra3 97. Kb5 Rb3+ 98. Kc4 Ra3 99. Kb5 Rb3+ 100. Kc5 Ra3 101. Kb6 Rb3+ 102. Ka7 Kc8 103. Ka8 Rb2 104. Ka7 Rb3 105. Ka8 Rb2 106. Ka7 Rb3 1/2-1/2

[Event "*** Titled Tuesday Blitz"]
[Site "Chess.com"]
[Date "2021.02.02"]
[Round "2"]
[White "Walter_White_Poland"]
[Black "MumLookatMeNow"]
[Result "0-1"]
[WhiteElo "2288"]
[BlackElo "2481"]
[TimeControl "180+1"]
[EndTime "10:21:24 PST"]
[Termination "MumLookatMeNow won on time"]

1. e4 d5 2. exd5 Qxd5 3. Nc3 Qd8 4. d4 Nf6 5. Bc4 a6 6. Bb3 b5 7. Qf3 c6 8. Nge2 Bg4 9. Qg3 e6 10. h3 Bf5 11. Bg5 Be7 12. a4 b4 13.
Bxf6 Bxf6 14. Nd1 O-O 15. Ne3 Be4 16. O-O Nd7 17. Ng4 Be7 18. Rad1 Nb6 19. Nf4 Nd5 20. Nh5 Bg6 21. Nf4 Nxf4 22. Qxf4 a5 23. Ne5 Bd6 24. Qe3 Qc7 25. Nxg6 hxg6 26. g3 Rfe8 27. Kg2 c5 28. dxc5 Bxc5 29. Qf3 Rad8 30. Rxd8 Rxd8 31. Rd1 Rxd1 32.
Qxd1 Kf8 33. Qd3 Ke7 34. f4 Bb6 35. h4 Qc5 36. Qe2 Qg1+ 37. Kf3 Qh1+ 38. Qg2 Qe1 39. Qe2 Qg1 40. Qg2 Qd4 41. Kg4 Kf6 42. Kh3 Qxb2 43.
Qc6 Qd4 44. Qc8 Ke7 45. Qb7+ Kf8 46. Qc8+ Bd8 47. Qc6 Ke7 48. Qb5 Qd1 49. Qb7+ Kf8 50. Qc8 Qh1+ 51. Kg4 Qd1+ 52. Kh3 Ke7 53. Qc5+ Ke8 54.
Qc6+ Ke7 55. Kg2 Qd2+ 56. Kh1 Qe1+ 57. Kg2 Qd2+ 58. Kh1 Kf6 59. Qc4 Bb6 60. Qd3 Qe1+ 61. Kg2 Qg1+ 62. Kf3 Qf2+ 63. Ke4 Ke7 0-1

[Event "*** Titled Tuesday Blitz"]
[Site "Chess.com"]
[Date "2021.02.02"]
[Round "2"]
[White "sergeikim"]
[Black "ajdemipopushi"]
[Result "0-1"]
[WhiteElo "2510"]
[BlackElo "2325"]
[TimeControl "180+1"]
[EndTime "10:21:26 PST"]
[Termination "ajdemipopushi won by resignation"]

1. d4 Nf6 2. c4 c5 3. d5 b5 4.
cxb5 a6 5. b6 Qxb6 6. Nc3 g6 7.
e4 d6 8. Nf3 Bg4 9. Be2 Bxf3 10. Bxf3 Nbd7 11. O-O Bg7 12. Be2 O-O 13. a4 Rfb8 14.
Ra3 Ne8 15. Qc2 Qb4 16. Nd1 Nef6 17. f3 Ne8 18. Bd2 Bd4+ 19. Kh1 Qb7 20. Bc4 Ne5 21. Ba2 c4 22. f4 Nd7 23. Bxc4 Rc8 24. Qd3 Bg7 25.
Ba2 Nc5 26. Qe2 Bxb2 27. Rh3 Bg7 28. Bc3 Nf6 29. Re3 Rab8 30. Bxf6 Bxf6 31. e5 Bg7 32.
Bc4 Nxa4 33. Bxa6 Qb4 34. Bxc8 Rxc8 35. e6 f5 36. Nf2 Nc5 37. Qf3 Ra8 38. Ree1 Ra2 39.
Qd1 Qxf4 40. Nd3 Qd2 41. Qxd2 Rxd2 42. Nxc5 dxc5 43. Rd1 Rxd1 44. Rxd1 Bd4 45. g3 Kg7 46. Kg2 Kf6 47. Kf3 Ke5 48. g4 fxg4+ 49. Kxg4 Kxd5 50. Re1 c4 51. Kf3 c3 52. Ke2 Kxe6 53. Kd3+ Be5 54. Re4 Kd5 55. h3 Bf6 56. Rc4 h5 57. Rc8 Ke6 58.
Rg8 Kf5 59. Rf8 Kg5 60. Rg8 Kh6 61. Re8 h4 62. Rg8 Kg5 63. Kc2 Kf5 64. Rf8 g5 65.
Rg8 Kf4 66. Rg6 Kg3 67. Kd3 Kxh3 68. Rg7 Kg3 69. Rf7 h3 70. Rh7 h2 71. Rh5 Kg2 72. Ke2 h1=Q 73. Rxh1 Kxh1 74. Kd3 Kh2 0-1

[Event "*** Titled Tuesday Blitz"]
[Site "Chess.com"]
[Date "2021.02.02"]
[Round "2"]
[White "CrushingKings"]
[Black "Spalir"]
[Result "1-0"]
[WhiteElo "2333"]
[BlackElo "2620"]
[TimeControl "180+1"]
[EndTime "10:21:29 PST"]
[Termination "CrushingKings won by resignation"]

1. e4 c5 2. d4 cxd4 3. c3 d3 4. Bxd3 Nc6 5. c4 d6 6. h3 g6 7. Nf3 Bg7 8. O-O Nf6 9. Nc3 O-O 10. Be3 Nd7 11. Rc1 Nc5 12. Bb1 a5 13. b3 b6 14. Qe2 Bb7 15. Rfd1 Qb8 16. Nd5 Qa7 17. h4 e6 18. Nc7 Rad8 19. Nb5 Qb8 20. h5 Rfe8 21.
Qd2 Ne5 22. Nxe5 dxe5 23. Qe2 Rxd1+ 24. Rxd1 Rd8 25. h6 Bf8 26. f3 Bc6 27. Nc3 f6 28. Bc2 Kf7 29. Rb1 Na6 30. Rd1 Bb4 31. Nb1 Be7 32.
Rxd8 Qxd8 33. a3 Bc5 34. Kf2 Qf8 35. Qd2 Qxh6 36. Nc3 Qf8 37. Nb5 Qe7 38. Bxc5 Qxc5+ 39. Kg3 Bxb5 40. cxb5 Qxb5 41. Qd6 Nc5 42. Qc7+ Kg8 43. Qd8+ Kf7 44. Qc7+ Nd7 45. a4 Qe2 46. Qxd7+ Kf8 47. Bd3 Qe1+ 48. Kh2 Qh4+ 49. Kg1 Qe1+ 50. Bf1 Qe3+ 51.
Kh1 Qxb3 52. Qd6+ Kg7 53. Qe7+ Kg8 54. Qxf6 Qxa4 55. Qxe6+ Kg7 56. Qxe5+ Kf8 57. Qf6+ Ke8 58. Qxb6 Qd1 59. Qc6+ Kf8 60. Qc5+ Kg7 61. Qe7+ Kh6 62. Qf8+ Kg5 63. Kg1 Qd4+ 64. Kh2 Qe5+ 65. g3 Qb2+ 66. Bg2 Qd2 67. f4+ Kh5 68. Kh3 Qe2 69. Qf6 Qg4+ 70.
Kh2 Kh6 71. Qf8+ Kh5 72. Qd8 Kh6 73. Qxa5 Qe2 74. Qg5+ Kg7 75. e5 Qe3 76. Qf6+ Kh6 77. e6 Qe2 78. e7 Qh5+ 79. Qh4 Kg7 80. Qxh5 1-0

[Event "*** Titled Tuesday Blitz"]
[Site "Chess.com"]
[Date "2021.02.02"]
[Round "2"]
[White "LawrenceTrent"]
[Black "Rud_Makarian"]
[Result "0-1"]
[WhiteElo "2571"]
[BlackElo "2899"]
[TimeControl "180+1"]
[EndTime "10:21:32 PST"]
[Termination "Rud_Makarian won by resignation"]

1. d4 Nf6 2. Nc3 c5 3. d5 d6 4. e4 g6 5. Bb5+ Nbd7 6. a4 Bg7 7.
h3 O-O 8. Nf3 Ne8 9. O-O Nc7 10.
Re1 Rb8 11. Bf4 a6 12. Bxd7 Bxd7 13. e5 dxe5 14. Bxe5 b5 15. axb5 axb5 16. Bxg7 Kxg7 17. d6 Ne6 18. Ne5 Rb7 19. Qd5 Bc8 20. dxe7 Qxe7 21.
Ra8 Rc7 22. Nc6 Qd7 23. Ne5 Qe7 24. Nc6 Qf6 25. Qd6 Bb7 26. Rxe6 Rxc6 27. Rxf6 Rxd6 28. Rxd6 Rxa8 29. Nxb5 Ra1+ 30. Kh2 Ra2 31. Rb6 Bc8 32. Nc3 Ra1 33. Kg3 Rc1 34. Rc6 Be6 35. Rxc5 Rxc2 36. b4 Rb2 37. b5 h5 38. h4 Kf6 39. f3 Ke7 40. Ne4 Kd7 41. Re5 Bc4 42. Nc3 Bf1 43.
Rd5+ Ke6 44. Rd4 Rxg2+ 45. Kf4 Rb2 46. Re4+ Kd6 47. Ra4 Bxb5 48. Nxb5+ Rxb5 49. Ra6+ Ke7 50. Ra7+ Kf8 51. Ra6 Rf5+ 52. Kg3 Ke7 53. Rb6 Kd7 54. Ra6 Ke7 55. Rb6 Re5 56. Ra6 Re6 57.
Ra7+ Kf6 58. Ra5 Rd6 59. Rb5 Re6 60. Ra5 Re5 61. Ra6+ Kf5 62. Ra7 f6 63. Ra6 Rd5 64.
Rb6 g5 65. Ra6 Re5 66. Rb6 Rd5 67. Ra6 Rd4 68. Ra5+ Kg6 69. hxg5 fxg5 70. Ra6+ Kf5 71. Ra5+ Kf6 72. Ra6+ Ke5 73. Ra5+ Rd5 74. Ra4 Kf5 75. Ra8 h4+ 76. Kh3 Kf4 77. Rf8+ Rf5 78. Ra8 Kxf3 79.
Ra3+ Ke4 80. Ra4+ Ke5 81. Kg4 Rf4+ 0-1

[Event "*** Titled Tuesday Blitz"]
[Site "Chess.com"]
[Date "2021.02.02"]
[Round "2"]
[White "elohunter1999"]
[Black "serhanberat_ozdemir"]
[Result "1/2-1/2"]
[WhiteElo "2659"]
[BlackElo "2425"]
[TimeControl "180+1"]
[EndTime "10:21:38 PST"]
[Termination "Game drawn by stalemate"]

1. d4 Nf6 2. c4 g6 3. Nc3 Bg7 4. e4 d6 5. Nf3 O-O 6. Be2 Bg4 7.
Ng1 Bc8 8. Bg5 c5 9. d5 h6 10. Be3 e6 11. Nf3 exd5 12. exd5 Re8 13. O-O Bf5 14.
h3 Ne4 15. Nxe4 Bxe4 16. Qd2 Kh7 17. Rae1 Nd7 18. b3 Bxf3 19. Bxf3 Ne5 20. Bd1 f5 21. f4 Nf7 22. Kh1 Qf6 23. Bc2 Qc3 24. Qxc3 Bxc3 25. Re2 Re7 26. Rf3 Rae8 27. Kg1 Kg7 28. Kf2 h5 29.
Bd1 Kf6 30. Bxc5 Rxe2+ 31. Bxe2 dxc5 32. Rxc3 Nd6 33. Bd3 h4 34. Rc2 b6 35. a3 a5 36. Rb2 Ne4+ 37. Bxe4 Rxe4 38. Kf3 Re1 39. b4 Rc1 40. bxc5 bxc5 41. Rb6+ Ke7 42. Rb5 Rxc4 43. Rxa5 Rc3+ 44. Kf2 Kd6 45. Ra6+ Kxd5 46. Rxg6 c4 47. a4 Ra3 48. Ra6 Ke4 49. a5 Ra2+ 50. Kf1 c3 51. Rc6 Kd3 52. Rd6+ Ke3 53. Re6+ Kxf4 54.
Rc6 c2 55. Ke1 Rxa5 56. Rxc2 Re5+ 57. Kf2 Re4 58. Rc7 Ra4 59. Rc2 Rd4 60. Kg1 Rd1+ 61. Kh2 Rd4 62. Rf2+ Kg5 63. Rf3 Re4 64. Kg1 Rd4 65. Kf2 Rd2+ 66. Kf1 Ra2 67. Rb3 Rc2 68. Rf3 Rb2 69. Rf2 Rxf2+ 70. Kxf2 Kf4 71. Ke2 Kg3 72. Kf1 f4 73. Kg1 f3 74. gxf3 Kxf3 75. Kh2 Kf2 76. Kh1 Kg3 77. Kg1 Kxh3 78. Kh1 Kg3 79. Kg1 h3 80. Kh1 h2 1/2-1/2